 Dungeon Crawl Stone Soup version 0.30-a0-528-g8c47a4955b (webtiles) character file.

Game seed: 9920771064074930355

1995 vineage the Fighter (level 9, 0/65 HPs)
             Began as a Gargoyle Fighter on Dec 23, 2022.
             Was a Believer of Okawaru.
             Killed from afar by an orc wizard (7 damage)
             ... with a magic dart
             ... on level 7 of the Dungeon.
             The game lasted 00:06:59 (5493 turns).

vineage the Fighter (Gargoyle Fighter)              Turns: 5493, Time: 00:06:59

Health: 0/65       AC: 16    Str: 29    XL:     9   Next: 21%
Magic:  19/19      EV: 10    Int: 10    God:    Okawaru [**....]
Gold:   397        SH:  0    Dex: 16    Spells: 8/8 levels left

rFire   . . .      SeeInvis .    B - +7 mace of Variability {chain chaos}
rCold   . . .      Faith    .    (shield currently unavailable)
rNeg    + . .      Spirit   .    b - +0 scale mail
rPois   ∞          Reflect  .    g - +1 helmet of Taall {MP+9 Dex+7}
rElec   +          Harm     .    t - +0 cloak
rCorr   .          Rampage  .    (no gloves)
Will    +....                    (no boots) Stlth
                                 (no amulet)
HPRegen 0.30/turn                q - +6 ring of strength
MPRegen 0.16/turn                f - ring of willpower

@: no status effects
A: sickness immunity, AC +6, negative energy resistance 1, electricity
resistance, torment resistance 1, petrification resistance
a: Renounce Religion, Heroism


You were on level 7 of the Dungeon.
You worshipped Okawaru.
Okawaru was pleased with you.
You visited 2 branches of the dungeon, and saw 8 of its levels.

You collected 1288 gold pieces.
You spent 891 gold pieces at shops.

Inventory:

Hand Weapons
 a - a +0 flail of draining
 u - a +2 hammer of protection
 B - the +7 mace of Variability (weapon) {chain chaos}
   (You bought it in a shop on level 6 of the Dungeon)

   Each time it hits an enemy it has a different, random effect.
   It occasionally unleashes arcs of chaos on nearby creatures upon striking a
   foe.
Armour
 b - a +0 scale mail (worn)
 c - a +0 buckler
 g - the +1 helmet of Taall (worn) {MP+9 Dex+7}
   (You acquired it on level 5 of the Dungeon)

   Dex:       It affects your dexterity (+7).
   MP:        It affects your magic capacity (+9).
 t - a +0 cloak (worn)
Jewellery
 f - a ring of willpower (right hand)
 q - a +6 ring of strength (left hand)
 C - a ring of willpower
Wands
 p - a wand of flame (20)
Scrolls
 e - a scroll of immolation
 h - 2 scrolls of enchant armour {unknown}
 n - a scroll of brand weapon
 v - 4 scrolls of identify
 w - a scroll of torment {unknown}
Potions
 d - 3 potions of might
 i - 4 potions of heal wounds
 j - a potion of berserk rage {unknown}
 k - a potion of flight {unknown}
 l - 3 potions of attraction {unknown}
 m - a potion of resistance {unknown}
 o - 2 potions of haste {unknown}
 s - 3 potions of mutation
 x - 2 potions of brilliance
 z - a potion of magic {unknown}
 A - a potion of lignification {unknown}


   Skills:
 + Level 12.2 Fighting
 * Level 3.4 Maces & Flails
 + Level 3.9 Armour
 + Level 1.2 Dodging
 - Level 3.2 Shields
 + Level 2.1 Invocations


You had 8 spell levels left.
You didn't know any spells.
Your spell library contained the following spells:

 Spells                   Type           Power      Damage    Failure   Level
 Beastly Appendage        Tmut           0%         N/A       61%         1
 Wereblood                Tmut           0%         N/A       75%         2
 Spider Form              Tmut/Pois      0%         N/A       93%         3
 Animate Dead             Necr           Unusable   N/A       N/A         4
 Haunt                    Necr/Summ      Unusable   N/A       N/A         7
 Infestation              Necr           Unusable   N/A       N/A         8

Dungeon Overview and Level Annotations

Branches:
Dungeon (7/15)             Temple (1/1) D:5

Altars:
Ashenzari
Cheibriados
Elyvilon
Fedhas
Gozag
Hepliaklqana
Kikubaaqudgha
Makhleb
Nemelex Xobeh
Okawaru
Qazlal
Ru
Sif Muna
Trog
Uskayaw
Vehumet
Wu Jian
Xom
Yredelemnul
Zin
The Shining One

Shops:
D:6 !!*(


Innate Abilities, Weirdness & Mutations

You are immune to sickness and miasma.
Your stone body is resilient. (AC +6)
You are immune to poison.
You resist negative energy. (rN+)
You are resistant to electric shocks. (rElec)
You are resistant to unholy torment.
You are immune to petrification.


Message History

a +4 short sword; a +0 robe You see here a fuming purple potion.
The orc wizard points at you and mumbles some strange words.
You are confused.
The wight hits you with a +2 scimitar of electrocution!
The wight attacks as you move away! The wight hits you but does no damage.
The orc wizard barely misses you.
The orc wizard attacks as you move away!
The orc wizard hits you with a +0 dagger.
The wight hits you with a +2 scimitar of electrocution!
* * * LOW HITPOINT WARNING * * *
The orc wizard attacks as you move away!
The orc wizard closely misses you. The wight attacks as you move away!
The wight completely misses you.
The orc wizard shouts!
The orc wizard points at you and mumbles some strange words.
The magic dart hits you!
* * * LOW HITPOINT WARNING * * *
You see here a +0 hand axe.
The wight attacks as you move away! The wight hits you but does no damage.
The orc wizard points at you and mumbles some strange words.
The magic dart hits you but does no damage.
You miss the orc wizard.
The orc wizard hits you but does no damage.
The wight hits you with a +2 scimitar of electrocution.
* * * LOW HITPOINT WARNING * * *
The orc wizard barely misses you.
You bludgeon the wight!! You freeze the wight.
You destroy the wight!
Okawaru accepts your kill.
You feel less confused.
The orc wizard hits you but does no damage.
A white imp comes into view.
The orc wizard hits you with a +0 dagger.
* * * LOW HITPOINT WARNING * * *
You closely miss the orc wizard.
The white imp shouts!
You hear a shout!
The orc wizard gestures at you while chanting.
The magic dart hits you!
You die...

.......
...........#
..~....~...
.............##
.......~~.....#
....5..~~.....##
#......).......#
.....~..o.~....#
..........@o...#
...........)...#
.......†##..!..#
............)..#
........########
.. ........# ..
.....#... ..
..!♣..... .#
....~~~≈.


You could see 2 orc wizards and a white imp.

Vanquished Creatures
  Sigmund (D:6)
  A steam dragon (D:7)
  A water moccasin (D:5)
  2 sky beasts
  A black bear (D:4)
  An ogre (D:6)
  A gnoll sergeant (D:7)
  A necrophage (D:6)
  4 scorpions
  2 wights (D:7)
  4 hounds
  2 orc priests (D:7)
  3 jellies
  Crazy Yiuf (D:3)
  3 iguanas
  Natasha (thrice) (D:2)
  4 orc wizards
  9 adders
  5 gnolls
  A shadow imp (D:5)
  2 worms
  21 orcs
  3 bats
  2 endoplasms (D:1)
  3 giant cockroaches
  8 goblins
  4 hobgoblins
  4 quokkas
  4 ball pythons
  5 kobolds
  4 rats
110 creatures vanquished.

Notes
Turn   | Place    | Note
-------+----------+-------------------------------------------
     0 | D:1      | vineage the Gargoyle Fighter began the quest for the Orb.
     0 | D:1      | Reached XP level 1. HP: 14/14 MP: 1/1
     0 | D:1      | Noticed a shadow dragon
     1 | D:1      | Noticed a large abomination
     3 | D:1      | Noticed a black draconian
     3 | D:1      | Noticed a golden dragon
     5 | D:1      | Noticed a tentacled monstrosity
     7 | D:1      | Noticed a large abomination
     8 | D:1      | Noticed a purple draconian
     9 | D:1      | Noticed an ice dragon
    11 | D:1      | Noticed an iron dragon
    11 | D:1      | Noticed a shadow dragon
    13 | D:1      | Noticed an iron dragon
    15 | D:1      | Noticed an iron dragon
    17 | D:1      | Noticed a tentacled monstrosity
    17 | D:1      | Noticed an ice dragon
    17 | D:1      | Noticed an orb of fire
    19 | D:1      | Noticed an ice dragon
    21 | D:1      | Noticed a red draconian
   212 | D:1      | Reached XP level 2. HP: 16/20 MP: 2/2
   221 | D:1      | Reached skill level 4 in Fighting
   798 | D:2      | Reached XP level 3. HP: 24/24 MP: 3/3
   814 | D:2      | Noticed Natasha
   818 | D:2      | Killed Natasha
   819 | D:2      | Reached skill level 5 in Fighting
   826 | D:2      | Reached XP level 4. HP: 29/31 MP: 4/4
  1086 | D:2      | Noticed Natasha
  1096 | D:2      | Killed Natasha
  1281 | D:2      | Noticed Natasha
  1293 | D:2      | Killed Natasha
  1294 | D:2      | Reached skill level 6 in Fighting
  1294 | D:2      | Reached XP level 5. HP: 7/36 MP: 5/5
  2108 | D:3      | Reached skill level 7 in Fighting
  2151 | D:3      | Found a runed translucent door.
  2152 | D:3      | Noticed Crazy Yiuf
  2355 | D:3      | Killed Crazy Yiuf
  2356 | D:3      | Reached XP level 6. HP: 27/44 MP: 2/6
  2732 | D:4      | Reached skill level 8 in Fighting
  2740 | D:4      | Identified the +2 robe "Fadazxost" {Regen+ Int+2}
  2770 | D:4      | Found a stormy altar of Qazlal.
  3051 | D:4      | Noticed a black bear
  3058 | D:4      | Killed a black bear
  3059 | D:4      | Reached XP level 7. HP: 47/50 MP: 7/7
  3113 | D:4      | Found an ancient bone altar of Kikubaaqudgha.
  3121 | D:4      | Found a glowing golden altar of the Shining One.
  3122 | D:4      | Found a hazy altar of Hepliaklqana.
  3122 | D:4      | Found a burning altar of Makhleb.
  3124 | D:4      | Found a radiant altar of Vehumet.
  3125 | D:4      | Found a snail-covered altar of Cheibriados.
  3266 | D:5      | Entered Level 5 of the Dungeon
  3339 | D:5      | Reached skill level 9 in Fighting
  3382 | D:5      | Found a sacrificial altar of Ru.
  3398 | D:5      | Found a shimmering blue altar of Sif Muna.
  3455 | D:5      | Found a staircase to the Ecumenical Temple.
  3465 | Temple   | Entered the Ecumenical Temple
  3651 | Temple   | Became a worshipper of Warmaster Okawaru
  3860 | D:5      | Reached * piety under Okawaru
  3861 | D:5      | Reached skill level 10 in Fighting
  3861 | D:5      | Reached XP level 8. HP: 41/57 MP: 8/8
  4182 | D:5      | Identified 2 scrolls of acquirement
  4182 | D:5      | Acquired 959 gold pieces
  4186 | D:5      | Acquired the +1 helmet of Taall {MP+9 Dex+7}
  4446 | D:6      | Found Seostyku's Distillery.
  4666 | D:6      | Found Gufuab's Distillery.
  4674 | D:6      | Bought a potion of heal wounds for 55 gold pieces
  4674 | D:6      | Bought a potion of mutation for 88 gold pieces
  4674 | D:6      | Bought a potion of heal wounds for 55 gold pieces
  4695 | D:6      | Noticed Sigmund
  4709 | D:6      | Killed Sigmund
  4710 | D:6      | Reached skill level 11 in Fighting
  5022 | D:6      | Reached ** piety under Okawaru
  5023 | D:6      | Reached skill level 12 in Fighting
  5039 | D:6      | Found Ticsun Ciot's General Store.
  5047 | D:6      | Bought a scroll of teleportation for 33 gold pieces
  5108 | D:6      | Found Yrigej's Weapon Shop.
  5116 | D:6      | Bought the +7 mace of Variability {chain chaos} for 660
                  | gold pieces
  5116 | D:6      | Found the +7 mace of Variability {chain chaos}
  5363 | D:7      | Found a bloodstained altar of Trog.
  5373 | D:7      | Reached skill level 1 in Invocations
  5375 | D:7      | Reached XP level 9. HP: 32/65 MP: 9/9
  5453 | D:7      | Reached skill level 1 in Dodging
  5493 | D:7      | Killed from afar by an orc wizard

Illustrated notes

Levels and vault maps discovered:
D:1:      shiori_arrival_whats_in_store_for_you, layout_basic,
          minmay_pentomino_u2
D:2:      layout_basic, nicolae_kite_square_tiling_tiny, uniq_natasha
D:3:      minmay_diamond_boxcup, layout_loops_cross, minmay_crystal_room,
          uniq_crazy_yiuf_cottage
D:4:      layout_basic, mainiacjoe_overflow_boulevard, minitemple,
          minmay_misc_feat_tiny
D:5:      nicolae_cairo_tiling_very_big, layout_basic,
          overflow_temple_1_default, mainiacjoe_overflow_surrounded_room,
          minmay_temple_entry_antechambers, corexii_hall_statues_t
D:6:      layout_loops_ring, serial_shops, nicolae_shop_advertising_works
          [nicolae_subvault_shop_adworks], nicolae_stop_n_shop_2,
          nicolae_shop_statue_plus, nicolae_stop_n_shop_1, uniq_sigmund
D:7:      layout_cave_pools, nicolae_overflow_hidden_temple, bloody_trog,
          serial_shops, shop, serial_demonic, serial_demonic_d,
          serial_demonic_e, serial_demonic_b, serial_demonic_a,
          serial_demonic_a, serial_demonic_f, skrybe_limestone_x,
          kennysheep_another_room, roderic_batcave, glass_columns_a
Temple:   chequers_temple_sunken

Skill      XL: |  1  2  3  4  5  6  7  8  9 |
---------------+----------------------------+-----
Fighting       | 4 5 6 7 8 10 12 | 12.2
Invocations    | 1 2 |  2.1
Maces & Flails | 3 |  3.4
Dodging        | 1 |  1.2
Armour         | |  3.9
Shields        | |  3.2

Action                   |  1- 3 |  4- 6 |  7- 9 || total
-------------------------+-------+-------+-------++-------
Melee: Flail             |    58 |   106 |       ||   164
       Mace              |       |    75 |   162 ||   237
       Great mace        |       |       |    33 ||    33
  Use: Scroll            |     4 |     4 |     5 ||    13
 Stab: Distracted        |       |     1 |       ||     1
Armor: Scale mail        |    32 |   127 |   163 ||   322
Dodge: Dodged            |    28 |    80 |   120 ||   228
Block: Buckler           |    11 |    41 |    31 ||    83

Table legend: (Time is in decaauts)
 A = Elapsed time spent in this place.
 B = Non-inter-level travel time spent in this place.
 C = Inter-level travel time spent in this place.
 D = Time resting spent in this place.
 E = Time spent auto-exploring this place.
 F = Levels seen in this place.
 G = Mean time per level.
                   A        B        C        D        E       F      G
               +--------+--------+--------+--------+--------+-----+--------+
         Total |   5702 |   5553 |    149 |     49 |   4461 |   8 |  712.8 |
       Dungeon |   5446 |   5330 |    116 |     49 |   4246 |   7 |  778.0 |
        Temple |    256 |    224 |     32 |      0 |    215 |   1 |  256.0 |
               +--------+--------+--------+--------+--------+-----+--------+

Top non-repeatable levels by time:
     D:5: 998 daAuts
     D:3: 964 daAuts
     D:2: 954 daAuts
     D:6: 913 daAuts
     D:4: 825 daAuts
     D:1: 607 daAuts
  Temple: 256 daAuts
     D:7: 182 daAuts
